 Dungeon Crawl Stone Soup version 0.28-a0-422-gd71735cc25 (webtiles) character file.

Game seed: 13336796765210116203

9 avis the Chopper (level 2, 0/27 HPs)
             Began as a Hill Orc Monk on Sept 9, 2021.
             Slain by a goblin (3 damage)
             ... on level 1 of the Dungeon.
             The game lasted 00:02:00 (243 turns).

avis the Chopper (Hill Orc Monk)                     Turns: 243, Time: 00:02:01

Health: 0/27       AC:  2    Str: 13    XL:     2   Next: 12%
Magic:  2/2        EV: 12    Int: 10    God:
Gold:   13         SH:  0    Dex: 13    Spells: 1/1 levels left

rFire   . . .      SeeInvis .   a - +1 whip (elec)
rCold   . . .      Faith    .   (no shield)
rNeg    . . .      Spirit   .   d - +0 robe
rPois   .          Reflect  .   (no helmet)
rElec   .          Harm     .   (no cloak)
rCorr   .          Rampage  .   (no gloves)
Will    .....                   (no boots)
Stlth   ++........              (no amulet)
HPRegen 0.09/turn               (no ring)
MPRegen 0.08/turn               (no ring)

@: no status effects
A: no striking features
a: no special abilities


You were on level 1 of the Dungeon.
You visited 1 branch of the dungeon, and saw 1 of its levels.

You collected 13 gold pieces.

Inventory:

Hand Weapons
 a - a +1 whip of electrocution (weapon)
 b - a +0 hand axe
Missiles
 c - 6 stones (quivered)
Armour
 d - a +0 robe (worn)
Scrolls
 f - a scroll of enchant armour {unknown}
Potions
 e - a potion of might {unknown}


   Skills:
 + Level 3.8 Fighting
 - Level 4.4(4.5) Axes
 * Level 0.5(2.3) Maces & Flails
 - Level 2.4 Dodging
 - Level 1.5 Stealth


You had one spell level left.
You didn't know any spells.
Your spell library was empty.

Dungeon Overview and Level Annotations

Branches:
Dungeon (1/15)

Altars:


Message History

Adjust (i)tems, (s)pells, or (a)bilities?
d - a +1 whip of electrocution Adjust to which letter? (? for menu, Esc to quit)
b - a +1 whip of electrocution;
d - a +0 hand axe You hear the crackle of electricity.
b - a +1 whip of electrocution (weapon)
Adjust (i)tems, (s)pells, or (a)bilities?
d - a +0 hand axe Adjust to which letter? (? for menu, Esc to quit)
a - a +0 hand axe;
d - a +0 robe (worn)
Adjust (i)tems, (s)pells, or (a)bilities?
a - a +0 hand axe Adjust to which letter? (? for menu, Esc to quit)
b - a +0 hand axe;
a - a +1 whip of electrocution (weapon)
Your +1 whip of electrocution stops crackling.
b - a +0 hand axe (weapon)
You hear the crackle of electricity.
a - a +1 whip of electrocution (weapon)
f - a scroll labelled ECHIOM XALOIGH You start resting.
HP restored.
A goblin comes into view. It is wielding a +2 dagger of freezing.
The goblin shouts!
A giant cockroach comes into view.
You hit the giant cockroach.
Lightning courses through the giant cockroach!
You kill the giant cockroach!
The goblin hits you with a +2 dagger of freezing.
The goblin freezes you.
You barely miss the goblin.
The goblin hits you with a +2 dagger of freezing.
The goblin freezes you.
You barely miss the goblin.
The goblin hits you with a +2 dagger of freezing.
The goblin freezes you.
You closely miss the goblin.
The goblin hits you with a +2 dagger of freezing.
* * * LOW HITPOINT WARNING * * *
The goblin freezes you.
You die...

#####.#.#.# ###...
#.......#.# #...
#.......#.# # #...
#.........#.###... ###
####...........#.. #...
#.............. #....
#.....#........
#.....#####...##.....###
......†@.......#########
......g...............§§
.....######.##.§......§.
.... #.##..≈≈§≈≈≈§§ ...
...#..§....... ..
...#..≈§....≈≈ .
...#..≈.....§.
..#..§§.§≈.≈.
...≈§.≈§§≈.


You could see a goblin.

Vanquished Creatures
  3 giant cockroaches (D:1)
  2 hobgoblins (D:1)
  2 kobolds (D:1)
7 creatures vanquished.

Notes
Turn   | Place    | Note
-------+----------+-------------------------------------------
     0 | D:1      | avis the Hill Orc Monk began the quest for the Orb.
     0 | D:1      | Reached XP level 1. HP: 19/19 MP: 1/1
   174 | D:1      | Reached XP level 2. HP: 21/27 MP: 2/2
   243 | D:1      | Slain by a goblin

Illustrated notes

Levels and vault maps discovered:
D:1:      ebering_trefoil_twist, layout_basic,
          hellmonk_ecumenical_altar_lost_god

Action                   || total
-------------------------++-------
Melee: Hand axe          ||    18
       Whip              ||     4
 Stab: Sleeping          ||     1
Armor: Robe              ||     3
Dodge: Dodged            ||    15

Table legend: (Time is in decaauts)
 A = Elapsed time spent in this place.
 B = Non-inter-level travel time spent in this place.
 C = Inter-level travel time spent in this place.
 D = Time resting spent in this place.
 E = Time spent auto-exploring this place.
 F = Levels seen in this place.
 G = Mean time per level.
                   A        B        C        D        E       F      G
               +--------+--------+--------+--------+--------+-----+--------+
         Total |    241 |    241 |      0 |    138 |     41 |   1 |  241.0 |
       Dungeon |    241 |    241 |      0 |    138 |     41 |   1 |  241.0 |
               +--------+--------+--------+--------+--------+-----+--------+

Top non-repeatable levels by time:
     D:1: 241 daAuts
